 Dungeon Crawl Stone Soup version 0.23.2-33-g5129a83184 (webtiles) character file.

Game seed: 3507756946408298315

126 Atelerd the Magician (level 5, 0/34 HPs)
             Began as an Octopode Wizard on July 16, 2019.
             Shot with an arrow by a centaur (15 damage)
             ... on level 3 of the Dungeon.
             The game lasted 00:04:37 (3012 turns).

Atelerd the Magician (Octopode Wizard)              Turns: 3012, Time: 00:04:38

Health: 0/34       AC:  1    Str:  6    XL:     5   Next: 10%
Magic:  2/10       EV: 13    Int: 22    God:
Gold:   94         SH:  0    Dex: 10    Spells: 2/11 levels left

rFire    . . .     SeeInvis .   b - +0 dagger (speed)
rCold    . . .     Gourm    .   (no shield)
rNeg     . . .     Faith    .   a - +0 hat
rPois    .         Spirit   .   (no amulet)
rElec    .         Reflect  .   k - ring of attention (curse)
rCorr    .         Harm     .   (no ring)
MR       .....                  (no ring)
Stlth    ++........             (no ring)
HPRegen  0.11/turn              (no ring)
MPRegen  0.12/turn              (no ring)
                                (no ring)
                                (no ring)

@: very slightly contaminated
A: almost no armour, stealthy swim, amphibious, 8 rings, constrict 8, camouflage
1, gelatinous body 1
a: no special abilities


You were on level 3 of the Dungeon.
You were hungry.

You visited 1 branch of the dungeon, and saw 3 of its levels.

You collected 94 gold pieces.

Inventory:

Hand Weapons
 b - a +0 dagger of speed (weapon)
 f - a -3 spear
Armour
 a - a +0 hat (worn)
Jewellery
 k - a cursed ring of attention (left tentacle)
Wands
 m - a wand of digging (1)
Scrolls
 e - 2 scrolls of magic mapping {unknown}
 j - a scroll of blinking {unknown}
 o - a scroll of remove curse
 q - a scroll of identify {unknown}
Potions
 d - 3 potions of degeneration {unknown}
 g - 2 potions of magic {unknown}
 h - a potion of agility {unknown}
 i - a potion of mutation {unknown}
 l - a potion of lignification {unknown}
 n - a potion of flight {unknown}
 p - a potion of brilliance {unknown}
Comestibles
 c - a ration


   Skills:
 + Level 2.0 Fighting
 - Level 2.0 Dodging
 - Level 2.6 Stealth
 + Level 3.6 Spellcasting
 * Level 3.3 Conjurations
   Level 1.0 Summonings
 - Level 1.0 Translocations


You had 2 spell levels left.
You knew the following spells:

 Your Spells              Type           Power        Failure   Level  Hunger
a - Magic Dart            Conj           ###.         3%          1    None
b - Mephitic Cloud        Conj/Pois/Air  #.......     22%         3    ###....
c - Blink                 Tloc           N/A          12%         2    #......
d - Conjure Flame         Conj/Fire      ##......     17%         3    ###....

Your spell library contained the following spells:

 Spells                   Type           Power        Failure   Level  Hunger
 Call Imp                 Summ           #.......     12%         2    #......
 Slow                     Hex            #.......     19%         2    #......


Dungeon Overview and Level Annotations

Branches:
Dungeon (3/15)

Altars:

Annotations:
D:1 exclusion: downstairs
D:2 exclusion: downstairs


Innate Abilities, Weirdness & Mutations

You cannot wear most types of armour.
You are very stealthy in the water. (Stealth+)
You are amphibious.
You can wear up to eight rings at the same time.
You can use your tentacles to constrict eight enemies at once.
Your skin changes colour to match your surroundings (Stealth+).
Your rubbery body absorbs attacks. (AC +1, EV +1)


Message History

Casting: Magic Dart (safe; 3% risk of failure)
Confirm with . or Enter, or press ? or * to list all spells.
You don't have enough magic to cast that spell.
Unknown command.
You start resting.
Eating a chunk of flesh.
You eat the chunk of flesh.
This raw flesh tastes terrible.
The centaur is too close now for your liking.
Casting: Magic Dart (safe; 3% risk of failure)
Confirm with . or Enter, or press ? or * to list all spells.
You don't have enough magic to cast that spell.
Unknown command.
You see here a +0 club.
You are feeling hungry.
The centaur shoots an arrow.
The arrow hits you.
The centaur shoots an arrow.
The arrow hits you!
There is a stone staircase leading up, spattered with blood here.
You see here 2 arrows.
You can't go down here!
The centaur shoots an arrow.
The arrow hits you!
You die...

#..........
#.....#....
#.....#....
#..........
######.≈.[.###.#.
##..≈............
#....≈......###.##.
#......#######.....
#≈....÷)@.......#..
#...c.#######÷....#
####÷.##..%.......#
#......(r..###
#.##.......#
#........".....
.................
.............#....
.............#....


You could see a centaur.

Vanquished Creatures
  Robin (D:2)
  3 adders
  2 worms (D:2)
  2 dart slugs
  3 leopard geckos
  9 bats
  3 giant cockroaches
  14 hobgoblins
  4 jackals (D:1)
  5 kobolds
  2 quokkas (D:3)
  3 frilled lizards
  13 goblins
  7 rats
71 creatures vanquished.

Notes
Turn   | Place    | Note
-------+----------+-------------------------------------------
     0 | D:1      | Atelerd the Octopode Wizard began the quest for the Orb.
     0 | D:1      | Reached XP level 1. HP: 11/11 MP: 4/4
   219 | D:1      | Reached XP level 2. HP: 15/18 MP: 1/6
   526 | D:1      | Reached skill level 1 in Fighting
   578 | D:1      | Reached XP level 3. HP: 23/23 MP: 2/7
   583 | D:1      | Learned a level 3 spell: Mephitic Cloud
   586 | D:1      | Learned a level 2 spell: Blink
  1642 | D:2      | Reached XP level 4. HP: 24/28 MP: 2/9
  1706 | D:2      | Learned a level 3 spell: Conjure Flame
  2158 | D:2      | Noticed Robin
  2185 | D:2      | Killed Robin
  2640 | D:3      | Reached XP level 5. HP: 34/34 MP: 1/10
  2758 | D:3      | Noticed a centaur
  3012 | D:3      | Shot with an arrow by a centaur

Skill      XL: |  1  2  3  4 |
---------------+-------------+-----
Conjurations   | 2 3 |  3.3
Fighting       | 1 2 |  2.0
Dodging        | |  2.0
Stealth        | |  2.6
Spellcasting   | |  3.6
Summonings     | |  1.0
Translocations | |  1.0

Action                   |  1- 3 |  4- 6 || total
-------------------------+-------+-------++-------
Melee: Unarmed           |    12 |       ||    12
       Constrict         |    10 |     9 ||    19
       Tentacles         |     6 |     4 ||    10
       Dagger            |    32 |    31 ||    63
 Cast: Magic Dart        |    72 |    50 ||   122
       Mephitic Cloud    |       |     5 ||     5
       Conjure Flame     |       |     1 ||     1
  Use: Scroll            |     1 |       ||     1
 Stab: Confused          |       |     2 ||     2
  Eat: Chunk             |     2 |     1 ||     3
       Ration            |       |     1 ||     1
Armor: Skin              |     9 |     1 ||    10
Dodge: Dodged            |    42 |    16 ||    58
